Mustangs vs Sasquatch
(R1)
Created - May 13, 2019 at 19:00
Goals
|
| Mustangs |
4 |
2 |
1 |
7 |
| Sasquatch |
2 |
1 |
1 |
4 |
|
Shots
|
| Mustangs |
10 |
11 |
6 |
27 |
| Sasquatch |
12 |
6 |
12 |
30 |
|
1st period
1. Mustangs , Melker Karlsson 1 (Derek Joslin 1, Teuvo Teravainen 1) at 2:01
2. Sasquatch , Drew Shore 1 (Matt Halischuk 1, Patrick Wey 1) at 7:40 (PP)
3. Mustangs , Melker Karlsson 2 (Teuvo Teravainen 2) at 10:02
4. Sasquatch , Petr Straka 1 (Patrick Wey 2, Matt Halischuk 2) at 12:33
5. Mustangs , Jim O'Brien 1 (Brady Skjei 1, Josh Jooris 1) at 17:09
6. Mustangs , JT Compher 1 (Alexei Marchenko 1) at 17:58
Penalties :
Michael McCarron (Ham) for Hooking (Minor) at 7:02
2nd period
7. Mustangs , Joshua Leivo 1 (Jim O'Brien 1, Josh Jooris 2) at 1:40
8. Sasquatch , David Desharnais 1 (Sven Andrighetto 1, Dougie Hamilton 1) at 5:11
9. Mustangs , Melker Karlsson 3 (Damon Severson 1, Andrew Shaw 1) at 5:51
Penalties :
Matt Halischuk (Gat) for Hooking (Minor) at 2:09, Jesper Fast (Gat) for Boarding (Minor) at 7:34, Scott Mayfield (Ham) for Roughing (Minor) at 12:10, Chet Pickard (Ham) for Slashing (Double Minor) at 16:10 - Josh Jooris served the penalty
3rd period
10. Mustangs , Josh Jooris 1 (Joshua Leivo 1) at 0:12
11. Sasquatch , Jesper Fast 1 (Jeff Skinner 1, Drew Shore 1) at 13:11
Penalties :
Brett Pesce (Gat) for Hooking (Minor) at 4:59, Matt Halischuk (Gat) for Interference (Minor) at 8:24, Teemu Hartikainen (Gat) for Roughing (Minor) at 14:30, Drew Shore (Gat) for Hooking (Minor) at 17:32
Goalie Stats
Chet Pickard (Ham), 26 saves from 30 shots - (0.867), W, 1-0-0, 60:00 minutes
Joonas Korpisalo (Gat), 14 saves from 17 shots - (0.824), L, 0-1-0, 42:02 minutes
Corey Crawford (Gat), 6 saves from 10 shots - (0.600), 17:58 minutes
Players Stats for Mustangs
Player Name G A P +/- PIM S H SB GA TA FO MP PP MP PK MP
------------------------------------------------------------------------------------
Alexei Marchenko 0 1 1 2 0 1 1 0 0 1 0/0 22:06 5:05 2:29
Andrew Shaw 0 1 1 2 0 1 2 0 1 0 1/1 20:23 6:29 0:34
Brady Skjei 0 1 1 1 0 4 1 1 1 0 0/0 26:41 6:49 3:21
Curtis Hamilton 0 0 0 -1 0 0 0 1 1 0 0/0 10:43 1:16 1:16
Damon Severson 0 1 1 1 0 2 1 1 1 0 0/0 26:41 6:49 3:21
Derek Joslin 0 1 1 1 0 1 1 1 0 1 0/0 11:13 0:00 0:46
Jerome Samson 0 0 0 -1 0 2 0 0 0 0 0/0 9:03 0:52 0:00
Jim O'Brien 1 1 2 1 0 1 0 1 0 0 5/8 16:43 4:29 1:31
Josh Jooris 1 2 3 2 0 3 3 2 1 0 0/0 17:27 5:14 1:41
Joshua Leivo 1 1 2 2 0 2 1 1 0 0 1/3 17:28 4:49 2:04
JT Compher 1 0 1 1 0 1 0 0 0 0 0/0 9:32 0:05 0:00
Mark Pysyk 0 0 0 2 0 0 0 2 0 0 0/0 22:40 5:05 3:03
Melker Karlsson 3 0 3 3 0 4 2 1 0 1 22/38 22:57 6:29 3:19
Michael McCarron 0 0 0 -1 2 0 0 0 0 0 1/5 8:02 0:00 0:00
Pascal Dupuis 0 0 0 1 0 0 0 0 1 0 0/0 9:27 0:00 0:00
Scott Mayfield 0 0 0 1 2 1 0 2 0 0 0/0 10:52 0:00 0:12
Stefan Matteau 0 0 0 1 0 1 1 1 0 0 0/3 12:17 0:56 1:46
Teuvo Teravainen 0 2 2 2 0 3 0 1 1 0 1/1 19:07 5:03 1:01
Players Stats for Sasquatch
Player Name G A P +/- PIM S H SB GA TA FO MP PP MP PK MP
------------------------------------------------------------------------------------
Brett Pesce 0 0 0 -3 2 0 0 2 0 1 0/0 10:21 0:22 0:00
Brock Trotter 0 0 0 -1 0 1 0 0 0 0 0/1 14:48 2:43 2:29
David Desharnais 1 0 1 0 0 3 1 0 0 0 0/0 5:27 0:07 0:00
Devin Shore 0 0 0 -1 0 0 0 1 0 1 2/3 11:45 2:42 0:18
Dougie Hamilton 0 1 1 -1 0 0 2 0 0 2 0/0 28:14 3:30 7:19
Drew Shore 1 1 2 -1 2 3 1 1 0 0 17/36 22:54 3:05 5:23
Jeff Skinner 0 1 1 -1 0 4 1 2 0 0 1/2 17:37 3:07 0:18
Jesper Fast 1 0 1 -1 2 3 0 2 1 0 0/1 17:24 3:06 0:00
Josh Morrissey 0 0 0 -3 0 0 1 0 0 0 0/0 12:42 2:38 0:00
Martin Marincin 0 0 0 0 0 0 3 2 0 0 0/0 19:04 0:28 4:35
Matt Halischuk 0 2 2 -2 4 8 4 0 0 0 0/1 15:29 2:42 0:00
Nicolas Deslauriers 0 0 0 0 0 1 1 2 0 0 0/1 12:41 0:36 6:24
Patrick Wey 0 2 2 -1 0 0 1 3 1 2 0/0 28:20 3:36 7:19
Petr Straka 1 0 1 -1 0 4 0 0 0 0 1/1 13:49 0:48 3:19
Sergey Kalinin 0 0 0 -2 0 1 2 0 1 0 7/13 16:44 0:52 3:43
Slava Voynov 0 0 0 0 0 0 0 0 0 0 0/0 21:27 2:38 4:35
Sven Andrighetto 0 1 1 0 0 0 0 0 0 0 0/0 5:20 0:00 0:00
Teemu Hartikainen 0 0 0 -2 2 2 1 0 0 1 0/0 13:54 0:00 1:54
3 Stars
1 - Melker Karlsson (Ham)
2 - Josh Jooris (Ham)
3 - Joshua Leivo (Ham)
Power Play
Mustangs - 0 on 6 Attempt(s) - 0.00%
Sasquatch - 1 on 3 Attempt(s) - 33.33%
Penalty Kill
Mustangs - 2 on 3 Attempt(s) - 66.67%
- Score 0 goal in Penalty Kill
Sasquatch - 6 on 6 Attempt(s) - 100.00%
- Score 0 goal in Penalty Kill
Team Stat
Mustangs - Hits : 13 - Faceoff Wins : 31 - Blocked Shots : 15 - Penalty Minutes : 8
Sasquatch - Hits : 18 - Faceoff Wins : 28 - Blocked Shots : 15 - Penalty Minutes : 12
Official
Referees : Unknown
Linesman : Unknown
Game Notes
Joonas Korpisalo enters game at 17:58 of 1st period
Melker Karlsson has scored a Hat Trick!
Teuvo Teravainen is injured at 15:54 of 3rd period (Bruised Right Foot)
Finance
Level 1 -- Attendance: 1821 (91.05%) -- Ticket Income $72,840
Level 2 -- Attendance: 878 (87.80%) -- Ticket Income $17,560
Total Attendance: 2699 (89.97%)
Total Ticket Income: $90,400
Other Income: $4,520
Total Income: $94,920
Mustangs
5 vs 5 Forward
Center Left Wing Right Wing Time % Phy DF OF
1 Melker Karlsson Teuvo Teravainen Andrew Shaw 40 1 2 2
2 Jim O'Brien Joshua Leivo Josh Jooris 30 1 2 2
3 Stefan Matteau JT Compher Pascal Dupuis 20 1 2 2
4 Michael McCarron Curtis Hamilton Jerome Samson 10 1 2 2
5 vs 5 Defense
Defense Defense Time % Phy DF OF
1 Brady Skjei Damon Severson 44 1 2 2
2 Alexei Marchenko Mark Pysyk 33 1 2 2
3 Derek Joslin Scott Mayfield 23 1 2 2
4 Brady Skjei Damon Severson 0 1 2 2
PowerPlay Forward
Center Left Wing Right Wing Time % Phy DF OF
1 Melker Karlsson Teuvo Teravainen Andrew Shaw 60 1 2 2
2 Jim O'Brien Joshua Leivo Josh Jooris 40 1 2 2
PowerPlay Defense
Defense Defense Time % Phy DF OF
1 Brady Skjei Damon Severson 60 1 2 2
2 Alexei Marchenko Mark Pysyk 40 1 2 2
Penalty Kill 4 Players Forward
Center Wing Time % Phy DF OF
1 Melker Karlsson Josh Jooris 60 1 2 2
2 Jim O'Brien Andrew Shaw 40 1 2 2
Penalty Kill 4 Players Defense
Defense Defense Time % Phy DF OF
1 Brady Skjei Damon Severson 60 1 2 2
2 Alexei Marchenko Mark Pysyk 40 1 2 2
Penalty Kill - 3 Players Forward
Forward Time % Phy DF OF
1 Melker Karlsson 60 1 2 2
2 Jim O'Brien 40 1 2 2
Penalty Kill - 3 Players Defense
Defense Defense Time % Phy DF OF
1 Brady Skjei Damon Severson 60 1 2 2
2 Alexei Marchenko Mark Pysyk 40 1 2 2
4 vs 4 Forward
Center Wing Time % Phy DF OF
1 Melker Karlsson Teuvo Teravainen 60 1 2 2
2 Jim O'Brien Josh Jooris 40 1 2 2
4 vs 4 Defense
Defense Defense Time % Phy DF OF
1 Brady Skjei Damon Severson 60 1 2 2
2 Alexei Marchenko Mark Pysyk 40 1 2 2
Last Minutes Offensive
Center Left Wing Right Wing Defense Defense
Melker Karlsson Teuvo Teravainen Andrew Shaw Brady Skjei Damon Severson
Last Minutes Defensive
Center Left Wing Right Wing Defense Defense
Melker Karlsson Teuvo Teravainen Josh Jooris Brady Skjei Alexei Marchenko
Goaltenders
Starting : Chet Pickard
Backup : Joacim Eriksson
Extra Forwards
Normal : Melker Karlsson, Jim O'Brien, Stefan Matteau - PP : Teuvo Teravainen, Josh Jooris - PK : Josh Jooris
Extra Defensemen
Normal : Brady Skjei, Alexei Marchenko, Derek Joslin - PP : Brady Skjei - PK : Brady Skjei, Alexei Marchenko
Penalty Shots
Jim O'Brien, Teuvo Teravainen, Josh Jooris, Joshua Leivo, Stefan Matteau
Scratches
Ryan Graves (Healthy), Eric Knodel (Healthy), Matthew Finn (Healthy), Danny Biega (Healthy), Ben Harpur (Healthy)
Kurtis Gabriel (Healthy), Raphael Bussieres (Healthy), Dakota Mermis (Healthy), Sam Kurker (Healthy), Max Gortz (Healthy)
Riley Nash (Healthy), Francis Paré (Healthy), Anthony Stolarz (Healthy)
Sasquatch
5 vs 5 Forward
Center Left Wing Right Wing Time % Phy DF OF
1 Drew Shore Jeff Skinner Jesper Fast 40 1 2 2
2 Sergey Kalinin Teemu Hartikainen Matt Halischuk 30 1 2 2
3 Devin Shore Brock Trotter Petr Straka 20 1 2 2
4 David Desharnais Nicolas Deslauriers Sven Andrighetto 10 1 2 2
5 vs 5 Defense
Defense Defense Time % Phy DF OF
1 Dougie Hamilton Patrick Wey 40 1 2 2
2 Martin Marincin Slava Voynov 30 1 2 2
3 Josh Morrissey Brett Pesce 20 1 2 2
4 Dougie Hamilton Patrick Wey 10 1 2 2
PowerPlay Forward
Center Left Wing Right Wing Time % Phy DF OF
1 Drew Shore Jeff Skinner Jesper Fast 60 1 2 2
2 Devin Shore Brock Trotter Matt Halischuk 40 1 2 2
PowerPlay Defense
Defense Defense Time % Phy DF OF
1 Dougie Hamilton Patrick Wey 60 1 2 2
2 Josh Morrissey Slava Voynov 40 1 2 2
Penalty Kill 4 Players Forward
Center Wing Time % Phy DF OF
1 Drew Shore Nicolas Deslauriers 60 1 2 2
2 Sergey Kalinin Teemu Hartikainen 40 1 2 2
Penalty Kill 4 Players Defense
Defense Defense Time % Phy DF OF
1 Dougie Hamilton Patrick Wey 60 1 2 2
2 Martin Marincin Slava Voynov 40 1 2 2
Penalty Kill - 3 Players Forward
Forward Time % Phy DF OF
1 Drew Shore 60 1 2 2
2 Sergey Kalinin 40 1 2 2
Penalty Kill - 3 Players Defense
Defense Defense Time % Phy DF OF
1 Dougie Hamilton Patrick Wey 60 1 2 2
2 Martin Marincin Slava Voynov 40 1 2 2
4 vs 4 Forward
Center Wing Time % Phy DF OF
1 Drew Shore Jeff Skinner 60 1 2 2
2 David Desharnais Jesper Fast 40 1 2 2
4 vs 4 Defense
Defense Defense Time % Phy DF OF
1 Dougie Hamilton Patrick Wey 60 1 2 2
2 Martin Marincin Slava Voynov 40 1 2 2
Last Minutes Offensive
Center Left Wing Right Wing Defense Defense
Drew Shore Jeff Skinner Matt Halischuk Dougie Hamilton Patrick Wey
Last Minutes Defensive
Center Left Wing Right Wing Defense Defense
Drew Shore Teemu Hartikainen Matt Halischuk Dougie Hamilton Patrick Wey
Goaltenders
Starting : Corey Crawford
Backup : Joonas Korpisalo
Extra Forwards
Normal : Sergey Kalinin, Devin Shore, Petr Straka - PP : Sergey Kalinin, Devin Shore - PK : Petr Straka
Extra Defensemen
Normal : Josh Morrissey, Brett Pesce, Martin Marincin - PP : Josh Morrissey - PK : Brett Pesce, Martin Marincin
Penalty Shots
Jeff Skinner, Devin Shore, Matt Halischuk, Petr Straka, Brock Trotter
Scratches
Ryan Dzingel (Healthy), T.J. Tynan (Healthy), Ty Rattie (Healthy), Patrick Maroon (Healthy), Andrew Campbell (Healthy)
Cal Petersen (Healthy)
% Time on Ice - Mustangs
Lines # - Real PCT - Wanted PCT - Time Play
Normal Forward
1 - 32% - 40% - 13:17
2 - 26% - 30% - 10:43
3 - 23% - 20% - 9:27
4 - 19% - 10% - 8:03
Normal Defense
1 - 40% - 44% - 16:31
2 - 35% - 33% - 14:32
3 - 25% - 23% - 10:27
4 - 0% - 0% - 0:00
PP Forward
1 - 62% - 60% - 7:25
2 - 38% - 40% - 4:29
PP Defense
1 - 57% - 60% - 6:49
2 - 43% - 40% - 5:05
PK Forward
1 - 91% - 60% - 6:02
2 - 9% - 40% - 0:34
PK Defense
1 - 51% - 60% - 3:21
2 - 49% - 40% - 3:15
PK3 Forward
1 - 0% - 60%
2 - 0% - 40%
PK3 Defense
1 - 0% - 60%
2 - 0% - 40%
44 Forward
1 - 0% - 60%
2 - 0% - 40%
44 Defense
1 - 0% - 60%
2 - 0% - 40%
Last Minute Offensive - 0:00
Last Minute Defensive - 0:00
Total
Forward - 60:00
Defense - 60:00
|
% Time on Ice - Sasquatch
Lines # - Real PCT - Wanted PCT - Time Play
Normal Forward
1 - 37% - 40% - 15:24
2 - 29% - 30% - 12:14
3 - 21% - 20% - 8:32
4 - 13% - 10% - 5:20
Normal Defense
1 - 38% - 40% - 15:55
2 - 34% - 30% - 14:14
3 - 24% - 20% - 9:51
4 - 4% - 10% - 1:30
PP Forward
1 - 55% - 60% - 3:38
2 - 45% - 40% - 2:58
PP Defense
1 - 60% - 60% - 3:58
2 - 40% - 40% - 2:38
PK Forward
1 - 79% - 60% - 9:25
2 - 21% - 40% - 2:29
PK Defense
1 - 61% - 60% - 7:19
2 - 39% - 40% - 4:35
PK3 Forward
1 - 0% - 60%
2 - 0% - 40%
PK3 Defense
1 - 0% - 60%
2 - 0% - 40%
44 Forward
1 - 0% - 60%
2 - 0% - 40%
44 Defense
1 - 0% - 60%
2 - 0% - 40%
Last Minute Offensive - 0:00
Last Minute Defensive - 0:00
Total
Forward - 60:00
Defense - 60:00
|
Play-by-Play
1st period
0:01 of 1st period - Melker Karlsson wins face-off versus Drew Shore in neutral zone.
0:03 of 1st period - Off-side.
0:04 of 1st period - Drew Shore wins face-off versus Melker Karlsson in neutral zone.
0:07 of 1st period - Slapshot by Jesper Fast.
0:07 of 1st period - Stopped by Chet Pickard with a rebound.
0:13 of 1st period - Wrist shot by Drew Shore.
0:13 of 1st period - Deflect By Jesper Fast.
0:13 of 1st period - Shot Misses the Net.
0:13 of 1st period - Puck is out of play.
0:14 of 1st period - Jim O'Brien wins face-off versus Matt Halischuk in Mustangs zone.
0:14 of 1st period - Jim O'Brien is hit by Matt Halischuk.
0:24 of 1st period - Wrist shot by Josh Jooris.
0:24 of 1st period - Shot Blocked by Martin Marincin.
0:30 of 1st period - Slapshot by Josh Jooris.
0:30 of 1st period - Stopped by Corey Crawford with a rebound.
0:40 of 1st period - Pascal Dupuis is hit by Martin Marincin and loses puck.
1:05 of 1st period - Slapshot by Drew Shore.
1:05 of 1st period - Shot Blocked by Derek Joslin.
1:31 of 1st period - Icing by Derek Joslin.
1:32 of 1st period - Melker Karlsson wins face-off versus Sergey Kalinin in Mustangs zone.
1:45 of 1st period - Wrist shot by Matt Halischuk.
1:45 of 1st period - Shot Misses the Net.
1:55 of 1st period - Wrist shot by Teuvo Teravainen.
1:55 of 1st period - Shot Misses the Net.
1:57 of 1st period - Slapshot by Derek Joslin.
1:57 of 1st period - Shot Blocked by Jeff Skinner.
1:59 of 1st period - Slapshot by Derek Joslin.
1:59 of 1st period - Stopped by Corey Crawford with a rebound.
2:01 of 1st period - Wrist shot by Melker Karlsson.
2:01 of 1st period - Goal by Melker Karlsson - Mustangs : 1 - Sasquatch : 0.
2:02 of 1st period - Jim O'Brien wins face-off versus Devin Shore in neutral zone.
2:27 of 1st period - Drew Shore is hit by Brady Skjei and loses puck.
2:36 of 1st period - Wrist shot by Jerome Samson.
2:36 of 1st period - Shot Blocked by Jesper Fast.
2:38 of 1st period - Slapshot by Alexei Marchenko.
2:38 of 1st period - Stopped by Corey Crawford without a rebound.
2:39 of 1st period - Sergey Kalinin wins face-off versus Stefan Matteau in Sasquatch zone.
2:54 of 1st period - Wrist shot by Teemu Hartikainen.
2:54 of 1st period - Stopped by Chet Pickard without a rebound.
2:55 of 1st period - Drew Shore wins face-off versus Jim O'Brien in Mustangs zone.
3:04 of 1st period - Slapshot by Jeff Skinner.
3:04 of 1st period - Stopped by Chet Pickard with a rebound.
3:06 of 1st period - Slapshot by Patrick Wey.
3:06 of 1st period - Shot Blocked by Brady Skjei.
3:24 of 1st period - Off-side.
3:25 of 1st period - Sergey Kalinin wins face-off versus Michael McCarron in neutral zone.
4:09 of 1st period - Slapshot by Andrew Shaw.
4:09 of 1st period - Shot Misses the Net.
4:56 of 1st period - Wrist shot by Sergey Kalinin.
4:56 of 1st period - Stopped by Chet Pickard without a rebound.
4:57 of 1st period - Drew Shore wins face-off versus Michael McCarron in Mustangs zone.
5:00 of 1st period - Slapshot by Jeff Skinner.
5:00 of 1st period - Shot Hit the Post.
5:32 of 1st period - Wrist shot by Teuvo Teravainen.
5:32 of 1st period - Shot Blocked by Brett Pesce.
5:48 of 1st period - Backhand shot by Devin Shore.
5:48 of 1st period - Shot Blocked by Mark Pysyk.
7:02 of 1st period - Minor Penalty to Michael McCarron for Hooking.
7:03 of 1st period - Drew Shore wins face-off versus Melker Karlsson in Mustangs zone.
7:06 of 1st period - Snap shot by Jesper Fast.
7:06 of 1st period - Shot Blocked by Damon Severson.
7:40 of 1st period - Snap shot by Drew Shore.
7:40 of 1st period - Goal by Drew Shore - Mustangs : 1 - Sasquatch : 1.
7:41 of 1st period - Melker Karlsson wins face-off versus Drew Shore in neutral zone.
7:48 of 1st period - Slapshot by Brady Skjei.
7:48 of 1st period - Deflect By Teuvo Teravainen.
7:48 of 1st period - Stopped by Corey Crawford without a rebound.
7:49 of 1st period - Drew Shore wins face-off versus Melker Karlsson in Sasquatch zone.
7:49 of 1st period - Drew Shore is hit by Melker Karlsson.
8:01 of 1st period - Snap shot by Teuvo Teravainen.
8:01 of 1st period - Stopped by Corey Crawford without a rebound.
8:02 of 1st period - Jim O'Brien wins face-off versus Jeff Skinner in Sasquatch zone.
8:05 of 1st period - Slapshot by Brady Skjei.
8:05 of 1st period - Shot Misses the Net.
9:01 of 1st period - Slapshot by Pascal Dupuis.
9:01 of 1st period - Shot Blocked by Devin Shore.
9:29 of 1st period - Wrist shot by Petr Straka.
9:29 of 1st period - Stopped by Chet Pickard with a rebound.
9:31 of 1st period - Wrist shot by Slava Voynov.
9:31 of 1st period - Shot Misses the Net.
9:33 of 1st period - Snap shot by Petr Straka.
9:33 of 1st period - Stopped by Chet Pickard without a rebound.
9:34 of 1st period - Jim O'Brien wins face-off versus Drew Shore in Mustangs zone.
9:47 of 1st period - Snap shot by Jeff Skinner.
9:47 of 1st period - Stopped by Chet Pickard without a rebound.
9:48 of 1st period - Melker Karlsson wins face-off versus Sergey Kalinin in Mustangs zone.
9:55 of 1st period - Snap shot by Teuvo Teravainen.
9:55 of 1st period - Stopped by Corey Crawford without a rebound.
9:56 of 1st period - Melker Karlsson wins face-off versus Sergey Kalinin in Sasquatch zone.
10:02 of 1st period - Wrist shot by Melker Karlsson.
10:02 of 1st period - Goal by Melker Karlsson - Mustangs : 2 - Sasquatch : 1.
10:03 of 1st period - Melker Karlsson wins face-off versus Drew Shore in neutral zone.
10:06 of 1st period - Jesper Fast is hit by Melker Karlsson and loses puck.
10:15 of 1st period - Slapshot by Brady Skjei.
10:15 of 1st period - Shot Blocked by Patrick Wey.
10:29 of 1st period - Joshua Leivo is hit by Matt Halischuk and loses puck.
11:43 of 1st period - Icing by Derek Joslin.
11:44 of 1st period - Drew Shore wins face-off versus Michael McCarron in Mustangs zone.
12:33 of 1st period - Snap shot by Petr Straka.
12:33 of 1st period - Goal by Petr Straka - Mustangs : 2 - Sasquatch : 2.
12:34 of 1st period - Melker Karlsson wins face-off versus Drew Shore in neutral zone.
13:00 of 1st period - Sergey Kalinin is hit by Josh Jooris and loses puck.
14:26 of 1st period - Icing by JT Compher.
14:27 of 1st period - Sergey Kalinin wins face-off versus Stefan Matteau in Mustangs zone.
14:58 of 1st period - Wrist shot by Sergey Kalinin.
14:58 of 1st period - Shot Misses the Net.
15:00 of 1st period - Slapshot by Patrick Wey.
15:00 of 1st period - Shot Misses the Net.
15:04 of 1st period - Slapshot by Matt Halischuk.
15:04 of 1st period - Stopped by Chet Pickard without a rebound.
15:05 of 1st period - Melker Karlsson wins face-off versus Drew Shore in Mustangs zone.
15:05 of 1st period - Melker Karlsson is hit by Martin Marincin.
16:43 of 1st period - Wrist shot by Drew Shore.
16:43 of 1st period - Shot Blocked by Teuvo Teravainen.
16:45 of 1st period - Snap shot by Jeff Skinner.
16:45 of 1st period - Shot Misses the Net.
16:47 of 1st period - Snap shot by Jeff Skinner.
16:47 of 1st period - Stopped by Chet Pickard with a rebound.
17:09 of 1st period - Wrist shot by Jim O'Brien.
17:09 of 1st period - Goal by Jim O'Brien - Mustangs : 3 - Sasquatch : 2.
17:10 of 1st period - Melker Karlsson wins face-off versus Drew Shore in neutral zone.
17:23 of 1st period - Slapshot by Jeff Skinner.
17:23 of 1st period - Shot Misses the Net.
17:37 of 1st period - Alexei Marchenko is hit by Matt Halischuk.
17:43 of 1st period - Josh Jooris is hit by Teemu Hartikainen and loses puck.
17:58 of 1st period - Wrist shot by JT Compher.
17:58 of 1st period - Goal by JT Compher - Mustangs : 4 - Sasquatch : 2.
17:58 of 1st period - Joonas Korpisalo enters game.
17:59 of 1st period - Drew Shore wins face-off versus Melker Karlsson in neutral zone.
18:02 of 1st period - Wrist shot by Patrick Wey.
18:02 of 1st period - Shot Misses the Net.
18:04 of 1st period - Backhand shot by Jesper Fast.
18:04 of 1st period - Shot Misses the Net.
18:12 of 1st period - Slapshot by Jeff Skinner.
18:12 of 1st period - Stopped by Chet Pickard without a rebound.
18:13 of 1st period - Jeff Skinner wins face-off versus Jim O'Brien in Mustangs zone.
18:18 of 1st period - Snap shot by Drew Shore.
18:18 of 1st period - Shot Blocked by Josh Jooris.
18:46 of 1st period - Slapshot by Stefan Matteau.
18:46 of 1st period - Shot Blocked by Jesper Fast.
Goals for this period are 4 for Mustangs vs 2 for Sasquatch.
Shots for this period are 10 for Mustangs vs 12 for Sasquatch.
2nd period
0:01 of 2nd period - Melker Karlsson wins face-off versus Drew Shore in neutral zone.
0:04 of 2nd period - Slapshot by Teuvo Teravainen.
0:04 of 2nd period - Shot Misses the Net.
0:52 of 2nd period - Derek Joslin is hit by Martin Marincin and loses puck.
1:15 of 2nd period - Alexei Marchenko is hit by David Desharnais and loses puck.
1:40 of 2nd period - Snap shot by Joshua Leivo.
1:40 of 2nd period - Goal by Joshua Leivo - Mustangs : 5 - Sasquatch : 2.
1:41 of 2nd period - Drew Shore wins face-off versus Melker Karlsson in neutral zone.
1:49 of 2nd period - Off-side.
1:50 of 2nd period - Andrew Shaw wins face-off versus Drew Shore in neutral zone.
2:05 of 2nd period - Backhand shot by Brady Skjei.
2:05 of 2nd period - Stopped by Joonas Korpisalo without a rebound.
2:06 of 2nd period - Joshua Leivo wins face-off versus Sergey Kalinin in Sasquatch zone.
2:07 of 2nd period - Slapshot by Brady Skjei.
2:07 of 2nd period - Shot Blocked by Patrick Wey.
2:09 of 2nd period - Minor Penalty to Matt Halischuk for Hooking.
2:10 of 2nd period - Melker Karlsson wins face-off versus Nicolas Deslauriers in Sasquatch zone.
2:13 of 2nd period - Wrist shot by Andrew Shaw.
2:13 of 2nd period - Stopped by Joonas Korpisalo without a rebound.
2:14 of 2nd period - Drew Shore wins face-off versus Melker Karlsson in Sasquatch zone.
2:23 of 2nd period - Slapshot by Brady Skjei.
2:23 of 2nd period - Stopped by Joonas Korpisalo with a rebound.
2:41 of 2nd period - Nicolas Deslauriers is hit by Josh Jooris and loses puck.
3:30 of 2nd period - Josh Jooris is hit by Dougie Hamilton and loses puck.
4:09 of 2nd period - Penalty to Matt Halischuk is over, Matt Halischuk is back on ice.
4:15 of 2nd period - Snap shot by Brock Trotter.
4:15 of 2nd period - Stopped by Chet Pickard with a rebound.
5:07 of 2nd period - Slapshot by David Desharnais.
5:07 of 2nd period - Stopped by Chet Pickard with a rebound.
5:09 of 2nd period - Snap shot by Sven Andrighetto.
5:09 of 2nd period - Shot Misses the Net.
5:11 of 2nd period - Wrist shot by David Desharnais.
5:11 of 2nd period - Goal by David Desharnais - Mustangs : 5 - Sasquatch : 3.
5:12 of 2nd period - Melker Karlsson wins face-off versus Jesper Fast in neutral zone.
5:45 of 2nd period - Slapshot by Brady Skjei.
5:45 of 2nd period - Shot Blocked by Brett Pesce.
5:47 of 2nd period - Slapshot by Andrew Shaw.
5:47 of 2nd period - Shot Blocked by Nicolas Deslauriers.
5:49 of 2nd period - Slapshot by Damon Severson.
5:49 of 2nd period - Stopped by Joonas Korpisalo with a rebound.
5:51 of 2nd period - Snap shot by Melker Karlsson.
5:51 of 2nd period - Goal by Melker Karlsson - Mustangs : 6 - Sasquatch : 3.
5:52 of 2nd period - Jim O'Brien wins face-off versus Sergey Kalinin in neutral zone.
6:07 of 2nd period - Slapshot by Josh Jooris.
6:07 of 2nd period - Shot Blocked by Martin Marincin.
7:06 of 2nd period - Slapshot by Josh Jooris.
7:06 of 2nd period - Shot Misses the Net.
7:08 of 2nd period - Snap shot by Josh Jooris.
7:08 of 2nd period - Stopped by Joonas Korpisalo with a rebound.
7:10 of 2nd period - Snap shot by Joshua Leivo.
7:10 of 2nd period - Shot Misses the Net.
7:12 of 2nd period - Slapshot by Joshua Leivo.
7:12 of 2nd period - Stopped by Joonas Korpisalo without a rebound.
7:13 of 2nd period - Melker Karlsson wins face-off versus Drew Shore in Sasquatch zone.
7:28 of 2nd period - Wrist shot by Andrew Shaw.
7:28 of 2nd period - Shot Blocked by Jeff Skinner.
7:34 of 2nd period - Minor Penalty to Jesper Fast for Boarding.
7:35 of 2nd period - Drew Shore wins face-off versus Melker Karlsson in Sasquatch zone.
7:35 of 2nd period - Drew Shore is hit by Andrew Shaw.
9:34 of 2nd period - Penalty to Jesper Fast is over, Jesper Fast is back on ice.
10:03 of 2nd period - Snap shot by Jerome Samson.
10:03 of 2nd period - Stopped by Joonas Korpisalo with a rebound.
10:15 of 2nd period - Snap shot by Drew Shore.
10:15 of 2nd period - Shot Blocked by Scott Mayfield.
10:29 of 2nd period - Snap shot by David Desharnais.
10:29 of 2nd period - Stopped by Chet Pickard with a rebound.
11:40 of 2nd period - Joshua Leivo is hit by Sergey Kalinin and loses puck.
12:10 of 2nd period - Minor Penalty to Scott Mayfield for Roughing.
12:11 of 2nd period - Melker Karlsson wins face-off versus Drew Shore in Mustangs zone.
12:11 of 2nd period - Melker Karlsson is hit by Jeff Skinner.
12:23 of 2nd period - Josh Jooris is hit by Drew Shore and loses puck.
12:40 of 2nd period - Wrist shot by Matt Halischuk.
12:40 of 2nd period - Stopped by Chet Pickard without a rebound.
12:41 of 2nd period - Melker Karlsson wins face-off versus Brock Trotter in Mustangs zone.
13:04 of 2nd period - Snap shot by Slava Voynov.
13:04 of 2nd period - Shot Blocked by Jim O'Brien.
13:30 of 2nd period - Slapshot by Stefan Matteau.
13:30 of 2nd period - Stopped by Joonas Korpisalo with a rebound.
13:32 of 2nd period - Wrist shot by Damon Severson.
13:32 of 2nd period - Stopped by Joonas Korpisalo with a rebound.
14:10 of 2nd period - Penalty to Scott Mayfield is over, Scott Mayfield is back on ice.
14:18 of 2nd period - Alexei Marchenko is hit by Matt Halischuk and loses puck.
14:49 of 2nd period - Stefan Matteau is hit by Dougie Hamilton and loses puck.
15:54 of 2nd period - Snap shot by Andrew Shaw.
15:54 of 2nd period - Deflect By Teuvo Teravainen.
15:54 of 2nd period - Shot Misses the Net.
15:54 of 2nd period - Puck is out of play.
15:55 of 2nd period - Devin Shore wins face-off versus Joshua Leivo in Sasquatch zone.
16:04 of 2nd period - Slapshot by Petr Straka.
16:04 of 2nd period - Shot Misses the Net.
16:06 of 2nd period - Slapshot by Patrick Wey.
16:06 of 2nd period - Shot Misses the Net.
16:10 of 2nd period - Slapshot by Petr Straka.
16:10 of 2nd period - Stopped by Chet Pickard without a rebound.
16:10 of 2nd period - Double Minor Penalty to Chet Pickard for Slashing.
16:11 of 2nd period - Drew Shore wins face-off versus Melker Karlsson in Mustangs zone.
16:22 of 2nd period - Slapshot by Dougie Hamilton.
16:22 of 2nd period - Shot Misses the Net.
Goals for this period are 2 for Mustangs vs 1 for Sasquatch.
Shots for this period are 11 for Mustangs vs 6 for Sasquatch.
3rd period
0:01 of 3rd period - Melker Karlsson wins face-off versus Drew Shore in neutral zone.
0:10 of 3rd period - Penalty to Josh Jooris is over, Josh Jooris is back on ice.
0:12 of 3rd period - Snap shot by Josh Jooris.
0:12 of 3rd period - Goal by Josh Jooris - Mustangs : 7 - Sasquatch : 3.
0:13 of 3rd period - Melker Karlsson wins face-off versus Drew Shore in neutral zone.
0:45 of 3rd period - Snap shot by Alexei Marchenko.
0:45 of 3rd period - Deflect By Joshua Leivo.
0:45 of 3rd period - Shot Misses the Net.
0:45 of 3rd period - Puck is out of play.
0:46 of 3rd period - Sergey Kalinin wins face-off versus Joshua Leivo in Sasquatch zone.
1:01 of 3rd period - Snap shot by Sergey Kalinin.
1:01 of 3rd period - Shot Blocked by Joshua Leivo.
1:17 of 3rd period - Slapshot by Jesper Fast.
1:17 of 3rd period - Stopped by Chet Pickard with a rebound.
1:35 of 3rd period - Damon Severson is hit by Nicolas Deslauriers and loses puck.
2:24 of 3rd period - Slapshot by Drew Shore.
2:24 of 3rd period - Stopped by Chet Pickard with a rebound.
2:30 of 3rd period - Patrick Wey is hit by Derek Joslin and loses puck.
3:29 of 3rd period - Snap shot by Josh Jooris.
3:29 of 3rd period - Shot Misses the Net.
3:37 of 3rd period - Josh Jooris is hit by Josh Morrissey.
4:06 of 3rd period - Wrist shot by Teemu Hartikainen.
4:06 of 3rd period - Deflect By Sergey Kalinin.
4:06 of 3rd period - Shot Misses the Net.
4:06 of 3rd period - Puck is out of play.
4:07 of 3rd period - Sergey Kalinin wins face-off versus Melker Karlsson in Mustangs zone.
4:14 of 3rd period - Wrist shot by Matt Halischuk.
4:14 of 3rd period - Shot Blocked by Melker Karlsson.
4:16 of 3rd period - Snap shot by Matt Halischuk.
4:16 of 3rd period - Stopped by Chet Pickard without a rebound.
4:17 of 3rd period - Melker Karlsson wins face-off versus Drew Shore in Mustangs zone.
4:28 of 3rd period - Snap shot by Teuvo Teravainen.
4:28 of 3rd period - Shot Misses the Net.
4:30 of 3rd period - Slapshot by Scott Mayfield.
4:30 of 3rd period - Stopped by Joonas Korpisalo with a rebound.
4:32 of 3rd period - Slapshot by Scott Mayfield.
4:32 of 3rd period - Shot Misses the Net.
4:48 of 3rd period - Slapshot by Matt Halischuk.
4:48 of 3rd period - Stopped by Chet Pickard with a rebound.
4:50 of 3rd period - Slapshot by Matt Halischuk.
4:50 of 3rd period - Stopped by Chet Pickard with a rebound.
4:52 of 3rd period - Snap shot by Teemu Hartikainen.
4:52 of 3rd period - Shot Blocked by Scott Mayfield.
4:59 of 3rd period - Minor Penalty to Brett Pesce for Hooking.
5:00 of 3rd period - Melker Karlsson wins face-off versus Drew Shore in Sasquatch zone.
5:03 of 3rd period - Slapshot by Brady Skjei.
5:03 of 3rd period - Stopped by Joonas Korpisalo with a rebound.
6:50 of 3rd period - Petr Straka is hit by Stefan Matteau and loses puck.
6:55 of 3rd period - Slapshot by Brady Skjei.
6:55 of 3rd period - Shot Misses the Net.
6:57 of 3rd period - Snap shot by Jerome Samson.
6:57 of 3rd period - Stopped by Joonas Korpisalo with a rebound.
6:59 of 3rd period - Penalty to Brett Pesce is over, Brett Pesce is back on ice.
7:17 of 3rd period - Snap shot by Matt Halischuk.
7:17 of 3rd period - Stopped by Chet Pickard with a rebound.
7:19 of 3rd period - Wrist shot by Matt Halischuk.
7:19 of 3rd period - Shot Misses the Net.
7:21 of 3rd period - Wrist shot by Matt Halischuk.
7:21 of 3rd period - Stopped by Chet Pickard without a rebound.
7:22 of 3rd period - Drew Shore wins face-off versus Michael McCarron in Mustangs zone.
7:23 of 3rd period - Wrist shot by Jesper Fast.
7:23 of 3rd period - Shot Blocked by Curtis Hamilton.
7:25 of 3rd period - Slapshot by Brett Pesce.
7:25 of 3rd period - Shot Misses the Net.
7:30 of 3rd period - Icing by Alexei Marchenko.
7:31 of 3rd period - Michael McCarron wins face-off versus Drew Shore in Mustangs zone.
7:54 of 3rd period - Slapshot by Jerome Samson.
7:54 of 3rd period - Shot Blocked by Drew Shore.
7:56 of 3rd period - Snap shot by Michael McCarron.
7:56 of 3rd period - Shot Misses the Net.
8:07 of 3rd period - Slapshot by Drew Shore.
8:07 of 3rd period - Stopped by Chet Pickard without a rebound.
8:08 of 3rd period - Melker Karlsson wins face-off versus Sergey Kalinin in Mustangs zone.
8:21 of 3rd period - Slapshot by Brady Skjei.
8:21 of 3rd period - Stopped by Joonas Korpisalo without a rebound.
8:22 of 3rd period - Sergey Kalinin wins face-off versus Melker Karlsson in Sasquatch zone.
8:24 of 3rd period - Minor Penalty to Matt Halischuk for Interference.
8:25 of 3rd period - Melker Karlsson wins face-off versus Drew Shore in Sasquatch zone.
8:25 of 3rd period - Snap shot by Brady Skjei.
8:25 of 3rd period - Shot Misses the Net.
8:27 of 3rd period - Slapshot by Brady Skjei.
8:27 of 3rd period - Deflect By Andrew Shaw.
8:27 of 3rd period - Shot Blocked by Nicolas Deslauriers.
8:27 of 3rd period - Puck is out of play.
8:28 of 3rd period - Drew Shore wins face-off versus Melker Karlsson in Sasquatch zone.
8:39 of 3rd period - Wrist shot by Nicolas Deslauriers.
8:39 of 3rd period - Stopped by Chet Pickard with a rebound.
8:50 of 3rd period - Icing by Andrew Shaw.
8:51 of 3rd period - Drew Shore wins face-off versus Melker Karlsson in Mustangs zone.
9:10 of 3rd period - Drew Shore is hit by Josh Jooris and loses puck.
9:33 of 3rd period - Alexei Marchenko is hit by Patrick Wey and loses puck.
10:24 of 3rd period - Penalty to Matt Halischuk is over, Matt Halischuk is back on ice.
10:37 of 3rd period - Snap shot by Drew Shore.
10:37 of 3rd period - Deflect By Matt Halischuk.
10:37 of 3rd period - Shot Misses the Net.
10:37 of 3rd period - Puck is out of play.
10:38 of 3rd period - Devin Shore wins face-off versus Stefan Matteau in Mustangs zone.
10:39 of 3rd period - Slapshot by Petr Straka.
10:39 of 3rd period - Shot Misses the Net.
10:41 of 3rd period - Slapshot by Devin Shore.
10:41 of 3rd period - Shot Misses the Net.
11:58 of 3rd period - Dougie Hamilton is hit by Alexei Marchenko and loses puck.
12:47 of 3rd period - Slapshot by Sergey Kalinin.
12:47 of 3rd period - Shot Blocked by Mark Pysyk.
12:49 of 3rd period - Slapshot by Martin Marincin.
12:49 of 3rd period - Shot Misses the Net.
12:51 of 3rd period - Snap shot by Martin Marincin.
12:51 of 3rd period - Shot Blocked by Stefan Matteau.
12:53 of 3rd period - Snap shot by Matt Halischuk.
12:53 of 3rd period - Stopped by Chet Pickard with a rebound.
12:55 of 3rd period - Slapshot by Martin Marincin.
12:55 of 3rd period - Shot Misses the Net.
12:57 of 3rd period - Snap shot by Teemu Hartikainen.
12:57 of 3rd period - Shot Misses the Net.
13:01 of 3rd period - Wrist shot by Teemu Hartikainen.
13:01 of 3rd period - Stopped by Chet Pickard without a rebound.
13:02 of 3rd period - Drew Shore wins face-off versus Melker Karlsson in Mustangs zone.
13:11 of 3rd period - Snap shot by Jesper Fast.
13:11 of 3rd period - Goal by Jesper Fast - Mustangs : 7 - Sasquatch : 4.
13:12 of 3rd period - Teuvo Teravainen wins face-off versus Drew Shore in neutral zone.
13:20 of 3rd period - Snap shot by Melker Karlsson.
13:20 of 3rd period - Stopped by Joonas Korpisalo without a rebound.
13:21 of 3rd period - Drew Shore wins face-off versus Melker Karlsson in Sasquatch zone.
13:58 of 3rd period - Snap shot by Teuvo Teravainen.
13:58 of 3rd period - Shot Misses the Net.
14:06 of 3rd period - Wrist shot by Andrew Shaw.
14:06 of 3rd period - Shot Blocked by Patrick Wey.
14:08 of 3rd period - Slapshot by Brady Skjei.
14:08 of 3rd period - Deflect By Melker Karlsson.
14:08 of 3rd period - Shot Misses the Net.
14:08 of 3rd period - Puck is out of play.
14:09 of 3rd period - Sergey Kalinin wins face-off versus Jim O'Brien in Sasquatch zone.
14:30 of 3rd period - Minor Penalty to Teemu Hartikainen for Roughing.
14:31 of 3rd period - Melker Karlsson wins face-off versus Drew Shore in Sasquatch zone.
14:34 of 3rd period - Snap shot by Teuvo Teravainen.
14:34 of 3rd period - Shot Misses the Net.
15:53 of 3rd period - Teuvo Teravainen is hit by Sergey Kalinin and loses puck.
15:54 of 3rd period - Teuvo Teravainen from Mustangs is injured at 15:54 of 3rd period (Bruised Right Foot).
15:55 of 3rd period - Drew Shore wins face-off versus Melker Karlsson in Mustangs zone.
15:55 of 3rd period - Dougie Hamilton is hit by Andrew Shaw and loses puck.
16:10 of 3rd period - Wrist shot by Nicolas Deslauriers.
16:10 of 3rd period - Shot Blocked by Josh Jooris.
16:20 of 3rd period - Dougie Hamilton is hit by Damon Severson and loses puck.
16:30 of 3rd period - Penalty to Teemu Hartikainen is over, Teemu Hartikainen is back on ice.
17:32 of 3rd period - Minor Penalty to Drew Shore for Hooking.
17:33 of 3rd period - Petr Straka wins face-off versus Melker Karlsson in Sasquatch zone.
17:42 of 3rd period - Snap shot by Petr Straka.
17:42 of 3rd period - Shot Misses the Net.
18:02 of 3rd period - Sergey Kalinin is hit by Joshua Leivo and loses puck.
18:48 of 3rd period - Slapshot by Jim O'Brien.
18:48 of 3rd period - Shot Misses the Net.
19:32 of 3rd period - Penalty to Drew Shore is over, Drew Shore is back on ice.
Goals for this period are 1 for Mustangs vs 1 for Sasquatch.
Shots for this period are 6 for Mustangs vs 12 for Sasquatch.
Back to the Top